 Dungeon Crawl Stone Soup version 0.19.5 (webtiles) character file.

76 Aleruyeri the Gusty (level 4, 0/24 HPs)
             Began as a Tengu Air Elementalist on Apr 17, 2017.
             Slain by a phantom (10 damage)
             ... on level 4 of the Dungeon.
             The game lasted 00:09:37 (2826 turns).

Aleruyeri the Gusty (Tengu Air Elementalist)        Turns: 2826, Time: 00:09:37

Health: 0/24       AC:  2    Str:  8    XL:     4   Next: 32%
Magic:  1/9        EV: 13    Int: 17    God:
Gold:   144        SH:  0    Dex: 14    Spells: 2 memorised, 4 levels left

rFire  . . .     SeeInvis .     h - +0 spear
rCold  . . .     Gourm    .     a - +0 robe
rNeg   . . .     Faith    .     (no shield)
rPois  .         Spirit   .     (helmet restricted)
rElec  .         Reflect  .     (no cloak)
rCorr  .         Harm     .     (no gloves)
MR     .....                    (boots unavailable)
Stlth  ++........               (no amulet)
                                (no ring)
                                (no ring)

@: no status effects
A: beak, talons 3
a: no special abilities


You were on level 4 of the Dungeon.
You were very hungry.

You visited 1 branch of the dungeon, and saw 4 of its levels.

You collected 144 gold pieces.

Inventory:

Hand Weapons
 h - a +0 spear (weapon)
Armour
 a - a +0 robe (worn)
Jewellery
 m - an uncursed amulet of magic regeneration {unknown}
 n - an uncursed amulet of faith {unknown}
Scrolls
 d - a scroll of remove curse
 p - a scroll of noise {unknown}
 r - a scroll of magic mapping {unknown}
Potions
 e - a potion of might {unknown}
 f - a potion of mutation {unknown}
 g - a potion of degeneration {unknown}
 i - 2 potions of curing
 k - 2 potions of flight {unknown}
 o - 2 potions of magic
Books
 b - a book of Air

   Spells                             Type                      Level
   a - Shock                          Conjuration/Air              1
   b - Swiftness                      Charms/Air                   2
   c - Repel Missiles                 Charms/Air                   2
   d - Static Discharge               Conjuration/Air              3
   e - Lightning Bolt                 Conjuration/Air              5
Comestibles
 c - 5 bread rations
 j - 3 meat rations
 l - 3 beef jerkies


   Skills:
 + Level 2.3 Dodging
 - Level 2.0 Stealth
 + Level 2.7 Spellcasting
 * Level 2.8 Conjurations
 + Level 5.2 Air Magic


You had 4 spell levels left.
You knew the following spells:

 Your Spells              Type           Power        Failure   Level  Hunger
a - Shock                 Conj/Air       ###.         3%          1    #......
b - Static Discharge      Conj/Air       ###.....     12%         3    ###....


Dungeon Overview and Level Annotations

Branches:
Dungeon (4/15)
 Temple: D:4-7

Altars:
Elyvilon
Fedhas
Xom
Yredelemnul


Innate Abilities, Weirdness & Mutations

You have a beak for a mouth.
You have claws for feet.


Message History

Press: ? - help, Shift-Dir - straight line, f/p - phantom
Aim: a phantom (moderately damaged)
The zap misses the phantom.
Casting: Shock
Confirm with . or Enter, or press ? or * to list all spells.
The phantom is struck by lightning.
The phantom is heavily damaged.
The lightning grounds out.
You are feeling very hungry.
The phantom closely misses you.
Casting: Static Discharge
Confirm with . or Enter, or press ? or * to list all spells.
Aiming: Shock
Press: ? - help, Shift-Dir - straight line, f/p - phantom
Aim: a phantom (heavily damaged)
The zap misses the phantom.
The phantom hits you.
You closely miss the phantom. You claw the phantom, but do no damage.
The phantom is heavily damaged.
The phantom hits you!
You die...

#.......###
##.?....... #
........... ..
.......... ..
.........##.###
...?...........
......W......#
.......@#
$..............
........#......
........#......
######### .....
..... .... ....


You could see a phantom.

Vanquished Creatures
  An adder (D:3)
  An ooze (D:3)
  A worm (D:3)
  A leopard gecko (D:3)
  4 bats
  2 giant cockroaches
  6 goblins
  9 hobgoblins
  10 jackals
  3 quokkas
  2 ball pythons
  3 frilled lizards
  5 kobolds
  5 rats
53 creatures vanquished.

Notes
Turn   | Place    | Note
-------+----------+-------------------------------------------
     0 | D:1      | Aleruyeri the Tengu Air Elementalist began the quest for the Orb.
     0 | D:1      | Reached XP level 1. HP: 10/10 MP: 4/4
    12 | D:1      | Noticed an electric eel
   239 | D:1      | Reached XP level 2. HP: 15/15 MP: 3/6
   787 | D:2      | Found a white marble altar of Elyvilon.
   891 | D:2      | Found a basalt altar of Yredelemnul.
   904 | D:2      | Found a shimmering altar of Xom.
   946 | D:2      | Reached XP level 3. HP: 19/19 MP: 1/7
   951 | D:2      | Learned a level 3 spell: Static Discharge
  1755 | D:3      | Reached skill level 5 in Air Magic
  1804 | D:3      | Reached XP level 4. HP: 2/24 MP: 0/9
  2675 | D:3      | Found a blossoming altar of Fedhas.
  2735 | D:4      | Noticed a phantom
  2826 | D:4      | Slain by a phantom

Skill      XL: |  1  2  3 |
---------------+----------+-----
Conjurations   | 2 |  2.8
Air Magic      | 5 |  5.2
Dodging        | |  2.3
Stealth        | |  2.0
Spellcasting   | |  2.7

Action                   |  1- 3 |  4- 6 || total
-------------------------+-------+-------++-------
Melee: Unarmed           |    21 |       ||    21
       Peck              |     4 |       ||     4
       Kick              |     2 |     1 ||     3
       Spear             |     2 |     1 ||     3
 Cast: Shock             |    68 |    34 ||   102
       Static Discharge  |       |     2 ||     2
  Use: Scroll            |     6 |     1 ||     7
  Eat: Chunk             |     4 |     2 ||     6
Armor: Robe              |     5 |       ||     5
Dodge: Dodged            |    23 |     3 ||    26
